 Dungeon Sprint DCSS version 0.19-a0-1714-gcab94ab (webtiles) character file.

185 Theye the Ducker (level 5, -1/51 HPs)
             Began as a Naga Enchanter on Sept 28, 2016.
             Was a Follower of Cheibriados.
             Slain by a necrophage (5 damage)
             ... in the Dungeon (Sprint IX: "|||||||||||||||||||||||||||||").
             The game lasted 00:01:16 (566 turns).

Theye the Ducker (Naga Enchanter)                    Turns: 566, Time: 00:01:17

Health: -1/51      AC: 17    Str: 17    XL:     5   Next: 64%
Magic:  7/9        EV:  7    Int: 19    God:    Cheibriados [*.....]
Gold:   0          SH:  0    Dex: 17    Spells: 1 memorised, 7 levels left

rFire  . . .     SeeInvis +     m - +2 halberd (protect)
rCold  . . .     Gourm    .     p - +1 chain mail
rNeg   . . .     Faith    .     (shield currently unavailable)
rPois  +         Spirit   .     (no helmet)
rElec  .         Dismiss  .     o - +0 cloak
rCorr  .         Reflect  .     n - +0 pair of gloves
MR     .....     Harm     .     (no barding)
Stlth  .......... NoTele   +    (no amulet)
                                q - +3 ring of strength
                                r - +3 ring of dexterity

@: protection aura, very slightly contaminated, very slow
A: see invisible, deformed body, poison resistance, slowness 2, slow metabolism
1, spit poison 1, AC +1
a: Spit Poison, Bend Time, Renounce Religion


You were in the Dungeon.
You worshipped Cheibriados.
Cheibriados was aware of your devotion.
You were not hungry.

You visited 1 branch

Inventory:

Hand Weapons
 a - a +1 dagger
 m - a +2 halberd of protection (weapon)
Armour
 b - a +1 robe
 n - a +0 pair of gloves (worn)
 o - a +0 cloak (worn)
 p - a +1 chain mail (worn)
Jewellery
 q - a +3 ring of strength (right hand)
 r - a +3 ring of dexterity (left hand)
Wands
 l - a wand of acid (7/15)
Scrolls
 i - 3 scrolls of remove curse
 j - 2 scrolls of blinking
 k - 2 scrolls of amnesia
Potions
 f - 3 potions of heal wounds
 g - 4 potions of curing
 h - 4 potions of magic
Books
 c - a book of Maledictions

   Spells                             Type                      Level
   a - Corona                         Hexes                        1
   b - Ensorcelled Hibernation        Hexes/Ice                    2
   c - Confuse                        Hexes                        3
   d - Tukima's Dance                 Hexes                        3
   e - Dazzling Spray                 Conjuration/Hexes            3
Comestibles
 d - a bread ration


   Skills:
 + Level 4.7 Fighting
 - Level 1.0 Short Blades
 + Level 3.9 Polearms
 + Level 1.0 Armour
 + Level 5.5 Dodging
 - Level 5.3 Stealth
 - Level 2.2 Spellcasting
 - Level 3.7 Hexes
 * Level 5.3 Invocations


You had 7 spell levels left.
You knew the following spells:

 Your Spells              Type           Power        Failure   Level  Hunger
a - Corona                Hex            ###....      71%         1    #......


Dungeon Overview and Level Annotations

Branches:
Dungeon (1/1)

Altars:
Cheibriados
Dithmenos
Elyvilon
Fedhas
Gozag
Hepliaklqana
Kikubaaqudgha
Makhleb
Nemelex Xobeh
Okawaru
Qazlal
Ru
Sif Muna
Trog
Uskayaw
Vehumet
Xom
Yredelemnul
Zin
The Shining One
Beogh
Jiyva
Lugonu


Innate Abilities, Weirdness & Mutations

You cannot wear boots.
Your serpentine skin is tough. (AC +1)
You have supernaturally acute eyesight. (SInv)
Armour fits poorly on your strangely shaped body.
Your system is resistant to poisons. (rPois)
You cover ground very slowly.
You have a slow metabolism.
You can spit poison.


Message History

You barely miss the necrophage. The necrophage closely misses you.
You barely miss the necrophage. The necrophage barely misses you.
Unknown command.
Your chain mail prevents you from hitting the necrophage.
The necrophage hits you but does no damage. x2
Unknown command.
Your chain mail prevents you from hitting the necrophage.
The necrophage hits you.
* * * LOW HITPOINT WARNING * * *
You slash the necrophage!
Your weapon exudes an aura of protection.
The necrophage is heavily damaged.
The necrophage hits you but does no damage.
Unknown command.
You closely miss the necrophage.
The necrophage is heavily damaged.
The necrophage hits you.
* * * LOW HITPOINT WARNING * * *
The necrophage hits you.
You die... ▓▓▓▓▓▓▓▓▓▓▓▓▓▓▓▓▓▓▓▓▓▓ ___.'..|).(..(((@n...+ ▓▓▓▓▓▓▓▓▓▓▓▓▓▓▓▓▓▓▓▓▓▓

You could see a necrophage.

Vanquished Creatures
  A centaur (D)
  An orc wizard (D)
  2 worker ants (D)
  2 adders (D)
  2 hobgoblins (D)
  2 kobolds (D)
  A bat (D)
  A quokka skeleton (D)
  A quokka zombie (D)
13 creatures vanquished.

Vanquished Creatures (others)
  A killer bee (D)
  A leopard gecko skeleton (D)
2 creatures vanquished.

Grand Total: 15 creatures vanquished

Notes
Turn   | Place    | Note
-------+----------+-------------------------------------------
     0 | D        | Theye the Naga Enchanter began the quest for the Orb.
     0 | D        | Reached XP level 1. HP: 15/15 MP: 3/3
     9 | D        | Reached skill level 5 in Stealth
   143 | D        | Noticed a worker ant
   146 | D        | Reached skill level 1 in Fighting
   146 | D        | Reached XP level 2. HP: 25/25 MP: 5/5
   173 | D        | Reached XP level 3. HP: 7/33 MP: 6/6
   470 | D        | Found a roughly hewn altar of Beogh.
   470 | D        | Found a snail-covered altar of Cheibriados.
   470 | D        | Found a shadowy altar of Dithmenos.
   470 | D        | Found a white marble altar of Elyvilon.
   470 | D        | Found a blossoming altar of Fedhas.
   470 | D        | Found an opulent altar of Gozag.
   471 | D        | Found a hazy altar of Hepliaklqana.
   472 | D        | Found a viscous altar of Jiyva.
   473 | D        | Found an ancient bone altar of Kikubaaqudgha.
   474 | D        | Became a worshipper of Cheibriados the Contemplative
   475 | D        | Found a corrupted altar of Lugonu.
   476 | D        | Found a burning altar of Makhleb.
   477 | D        | Found a sparkling altar of Nemelex Xobeh.
   478 | D        | Found an iron altar of Okawaru.
   479 | D        | Found a stormy altar of Qazlal.
   480 | D        | Found a sacrificial altar of Ru.
   481 | D        | Found a deep blue altar of Sif Muna.
   482 | D        | Found a bloodstained altar of Trog.
   483 | D        | Found a hide-covered altar of Uskayaw.
   484 | D        | Found a radiant altar of Vehumet.
   485 | D        | Found a shimmering altar of Xom.
   486 | D        | Found a basalt altar of Yredelemnul.
   487 | D        | Found a glowing silver altar of Zin.
   488 | D        | Found a glowing golden altar of the Shining One.
   540 | D        | Noticed a killer bee
   540 | D        | Noticed a centaur
   540 | D        | Noticed a necrophage
   548 | D        | Reached skill level 1 in Polearms
   548 | D        | Reached XP level 4. HP: 32/42 MP: 5/7
   558 | D        | Killed a centaur
   558 | D        | Reached * piety under Cheibriados
   558 | D        | Reached skill level 1 in Armour
   558 | D        | Reached skill level 5 in Dodging
   558 | D        | Reached XP level 5. HP: 8/51 MP: 6/8
   560 | D        | Reached skill level 5 in Invocations
   566 | D        | Slain by a necrophage

Vault maps used:
D:        linesprint

Skill      XL: |  1  2  3  4  5 |
---------------+----------------+-----
Stealth        | 5 |  5.3
Fighting       | 1 2 3 4 |  4.7
Dodging        | 3 4 5 |  5.5
Polearms       | 1 3 |  3.9
Invocations    | 2 4 5 |  5.3
Armour         | 1 |  1.0
Short Blades   | |  1.0
Spellcasting   | |  2.2
Hexes          | |  3.7

Action                   |  1- 3 |  4- 6 || total
-------------------------+-------+-------++-------
Melee: Dagger            |    45 |       ||    45
       Halberd           |     6 |    14 ||    20
  Use: Potion            |     4 |       ||     4
 Stab: Sleeping          |     3 |       ||     3
       Invisible         |     1 |       ||     1
Armor: Robe              |     8 |       ||     8
       Chain mail        |     1 |    19 ||    20
Dodge: Dodged            |    19 |     8 ||    27
